 Seeded DCSS version 0.30.1-11-g7821555f0a (webtiles) character file.

Game seed: 6245884229887761738 (custom seed)

1582 Psyclone the Destroyer (level 8, 41/41 HPs)
             Began as a Deep Elf Conjurer on Nov 9, 2023.
             Was an Initiate of Gozag.
             Quit the game on level 5 of the Dungeon.
             The game lasted 00:16:06 (6623 turns).

Psyclone the Destroyer (Deep Elf Conjurer)          Turns: 6623, Time: 00:16:07

Health: 41/41      AC:  5    Str:  1 (3)  XL:     8   Next: 60%
Magic:  19/22      EV: 12    Int: 31 (33) God:    Gozag
Gold:   865        SH:  0    Dex: 10 (12) Spells: 13/24 levels left

rFire   . . .        k - +3 dagger (venom)
rCold   . . .        (no shield)
rNeg    . . .        a - +0 robe
rPois   +            h - +2 helmet {Int+3}
rElec   .            (no cloak)
rCorr   .            (no gloves)
SInv    .            (no boots)
Will    .....        (no amulet)
Stlth   ++           (no ring)
HPRegen 0.26/turn    (no ring)
MPRegen 0.18/turn

%: clarity
@: no status effects
A: clarity, clever 1, poison resistance
a: Renounce Religion, Potion Petition, Call Merchant, Bribe Branch


You were on level 5 of the Dungeon.
You worshipped Gozag.
Gozag was pleased with you.
You visited 2 branches of the dungeon, and saw 7 of its levels.
You also visited: Sewer.

You collected 2307 gold pieces.
You spent 682 gold pieces at shops.
You paid 760 gold pieces to Gozag.

Inventory:

Hand Weapons
 k - a +3 dagger of venom (weapon)
Armour
 a - a +0 robe (worn)
 h - a +2 helmet of intelligence (worn)
 z - the +1 leather armour "Imij" {rF- Dex+2 SInv}
   (You bought it in a shop on level 5 of the Dungeon)

   Dex:       It affects your dexterity (+2).
   rF:        It makes you vulnerable to fire.
   SInv:      It lets you see invisible.
 B - the +2 helmet of Defiance {Fly rF++ rC- Str+3}
   (You bought it in a shop on level 5 of the Dungeon)

   Str:       It affects your strength (+3).
   rF:        It greatly protects you from fire.
   rC:        It makes you vulnerable to cold.
   Fly:       It grants you flight.
 C - the +0 leather armour "Ecyolyaq" {Dex+3}
   (You bought it in a shop on level 5 of the Dungeon)

   Dex:       It affects your dexterity (+3).
 D - a +2 pair of gloves of hurling
Magical Staves
 A - a staff of air
Jewellery
 c - an amulet of magic regeneration
Wands
 j - a wand of flame (9)
 r - a wand of charming (3)
 u - a wand of roots (3)
 w - a wand of mindburst (8)
 y - a wand of light (11)
Scrolls
 d - a scroll of poison
 e - 2 scrolls of identify {@r1}
 f - 2 scrolls of immolation
 g - 8 scrolls of teleportation
 i - 2 scrolls of silence {!r}
 n - a scroll of blinking
 o - a scroll of fog
 v - a scroll of amnesia
Potions
 b - 2 potions of magic
 l - 3 potions of curing
 m - a potion of invisibility
 p - 3 potions of mutation
 q - a potion of attraction
 s - a potion of brilliance
 t - a potion of heal wounds
 x - a potion of degeneration


   Skills:
 - Level 2.4 Dodging
 - Level 2.4 Stealth
 + Level 8.7 Spellcasting
 * Level 10.7 Conjurations


You had 13 spell levels left.
You knew the following spells:

 Your Spells              Type           Power      Damage    Failure   Level
a - Magic Dart            Conj           100%       1d8       1%          1
b - Searing Ray           Conj           100%       2d8       1%          2
d - Fulminant Prism       Conj/Hex       23%        3d12      4%          4
e - Iskenderun's Mystic   Conj/Tloc      46%        2d10      4%          4

Your spell library contained the following spells:

 Spells                   Type           Power      Damage    Failure   Level
 Dazzling Flash           Conj/Hex       92%        N/A       1%          3
 Stone Arrow              Conj/Erth      92%        3d12      1%          3
 Sandblast                Erth           26%        2d8       3%          1
 Summon Small Mammal      Summ           52%        N/A       3%          1
 Passwall                 Tmut/Erth      10%        N/A       5%          2
 Call Canine Familiar     Summ           13%        N/A       11%         3
 Summon Guardian Golem    Hex/Summ       13%        N/A       11%         3
 Volatile Blastmotes      Fire/Tloc      26%        2d12      11%         3
 Passage of Golubria      Tloc           13%        N/A       36%         4
 Lee's Rapid Deconstruct  Erth           6%         3d6*      71%         5
 Silence                  Hex/Air        6%         N/A       71%         5
 Lehudib's Crystal Spear  Conj/Erth      23%        10d6      100%        8


Dungeon Overview and Level Annotations

Branches:
Dungeon (6/15) Zot: 26965  Temple (1/1) D:4 Zot: 5744   Sewer (visited)

Altars:
Cheibriados
Elyvilon
Gozag
Hepliaklqana
Kikubaaqudgha
Makhleb
Nemelex Xobeh
Ru
Sif Muna
Trog
Uskayaw
Xom
Yredelemnul
The Shining One

Shops:
D:5 [


Innate Abilities, Weirdness & Mutations

You possess an exceptional clarity of mind.
Your mind is acute. (Int +4, Str/Dex -1)
Your system is resistant to poisons. (rPois)


Message History

The searing ray misses the hound. (Press . to maintain the ray.)
You now have 16/22 mp.
The searing ray hits the hound!
The hound is almost dead.
The hound bites you but does no damage.
You now have 15/22 mp.
The searing ray hits the hound!
You kill the hound!
Found a stone staircase leading down.
You see here a staff of air.
A - a staff of air You now have 1031 gold pieces (gained 7).
You now have 1043 gold pieces (gained 12).
You now have 1051 gold pieces (gained 8).
There is a stone staircase leading up here.
You climb upwards.
There is a stone staircase leading down here.
It was a potion of degeneration.
There was something very wrong with that liquid.
You feel weakened.
You feel dopey.
You feel clumsy.
Okay, then.
You drop a scroll labelled NANWAHIRGHU.
This is a scroll of acquirement!
Something appears at your feet!
You now have 2307 gold pieces (gained 1256). [a] 760 gold - Zuatzail's Antique Armour Boutique [b] 415 gold - Asir's Assorted Antiques [c] 448 gold - Ocwereme's General Store Fund which merchant?
Zuatzail invites you to visit her Antique Armour Boutique.
z - the +1 leather armour "Imij" {rF- Dex+2 SInv}
B - the +2 helmet of Defiance {Fly rF++ rC- Str+3}
C - the +0 leather armour "Ecyolyaq" {Dex+3} You no longer have enough gold to fund merchants seeking to open stores in the dungeon.
D - a +2 pair of gloves of hurling Thank you for shopping at Zuatzail's Antique Armour Boutique!
There are no items here.
Unknown command.
Unknown command.
Are you sure you want to abandon this character and quit the game? (Confirm with "yes".)

#.##..# ##......
####..# #...... ##.##
#..#### #..# #<.# #..#
#..# ##.## ###..###
#.># ####......#
#..#####.........#
####
##.@...........####
#..####..............#
###.....####.........#
##...## #........##
##.## ##.......# #..#
#....)..# ## ##.##
##......#####. #.##
#............ ##.#
##...........


There were no monsters in sight!

Vanquished Creatures
  Prince Ribbit (D:5)
  A black bear (D:5)
  3 ice beasts (D:5)
  An ogre (D:5)
  A phantom (D:5)
  2 scorpions
  4 wights (D:3)
  An orc priest (D:2)
  3 hounds
  A jelly (D:5)
  2 sleepcaps
  Natasha (thrice) (D:2)
  A hell rat (Sewer)
  Ijyb (D:4)
  Terence (D:3)
  3 gnolls (D:2)
  5 adders
  A river rat (Sewer)
  An ufetubus (D:5)
  A worm (D:3)
  A dart slug (D:2)
  5 orcs
  5 bats
  9 endoplasms
  A giant cockroach (D:2)
  9 hobgoblins
  6 jackals (D:3)
  13 quokkas
  13 ball pythons
  A frilled lizard (D:3)
  11 goblins
  5 kobolds
  7 rats
123 creatures vanquished.

Notes
Turn   | Place    | Note
-------+----------+-------------------------------------------
     0 | D:1      | Psyclone the Deep Elf Conjurer began the quest for the Orb.
     0 | D:1      | Reached XP level 1. HP: 10/10 MP: 6/6
   122 | D:1      | Found a faded altar of an unknown god.
   138 | D:1      | Prayed at the altar of an unknown god.
   138 | D:1      | Became a worshipper of Gozag Ym Sagoz the Greedy
   151 | D:1      | Reached XP level 2. HP: 15/15 MP: 5/8
   318 | D:1      | You fall into a shaft and drop 1 floor!
   435 | D:2      | Reached skill level 5 in Conjurations
   530 | D:2      | Reached XP level 3. HP: 15/19 MP: 1/10
   602 | D:2      | Learned a level 2 spell: Searing Ray
   835 | D:2      | Reached XP level 4. HP: 24/24 MP: 7/12
  1053 | D:2      | Reached skill level 6 in Conjurations
  1289 | D:2      | Noticed Natasha
  1294 | D:2      | Killed Natasha
  1295 | D:2      | Reached XP level 5. HP: 14/28 MP: 9/14
  1573 | D:2      | Noticed Natasha
  1585 | D:2      | Killed Natasha
  1740 | D:2      | Noticed Natasha
  1745 | D:2      | Killed Natasha
  1746 | D:2      | Reached skill level 5 in Spellcasting
  2359 | D:3      | Found a white marble altar of Elyvilon.
  2476 | D:3      | Found a hazy altar of Hepliaklqana.
  2510 | D:3      | Reached skill level 7 in Conjurations
  2555 | D:3      | Found a glowing drain.
  2584 | D:3      | Reached XP level 6. HP: 30/32 MP: 9/16
  2621 | Sewer    | Entered a sewer
  2967 | D:3      | Identified the +6 spear of Dishonour {freeze, rPois Str+2
                  | Int-4 Dex+3}
  2980 | D:3      | Reached skill level 8 in Conjurations
  3012 | D:3      | Reached XP level 7. HP: 36/36 MP: 4/18
  3106 | D:3      | Found a sacrificial altar of Ru.
  3115 | D:3      | Noticed Terence
  3120 | D:3      | Killed Terence
  3789 | D:3      | Gained mutation: Your mind is acute. (Int +4, Str/Dex -1)
                  | [potion of mutation]
  3789 | D:3      | Gained mutation: Your system is resistant to poisons.
                  | (rPois) [potion of mutation]
  3789 | D:3      | Gained mutation: You possess an exceptional clarity of
                  | mind. [potion of mutation]
  3915 | D:4      | Learned a level 4 spell: Fulminant Prism
  3920 | D:4      | Learned a level 4 spell: Iskenderun's Mystic Blast
  3923 | D:4      | Found a staircase to the Ecumenical Temple.
  4347 | Temple   | Entered the Ecumenical Temple
  4746 | D:4      | Noticed Ijyb
  4750 | D:4      | Killed Ijyb
  5070 | D:5      | Entered Level 5 of the Dungeon
  5071 | D:5      | Noticed Prince Ribbit
  5077 | D:5      | Killed Prince Ribbit
  5078 | D:5      | Reached skill level 9 in Conjurations
  5163 | D:5      | Reached XP level 8. HP: 41/41 MP: 15/21
  5716 | D:5      | Reached skill level 10 in Conjurations
  6619 | D:5      | Identified a scroll of acquirement
  6619 | D:5      | Acquired 1256 gold pieces
  6623 | D:5      | Bought a faintly humming leather armour for 154 gold pieces
  6623 | D:5      | Identified the +1 leather armour "Imij" {rF- Dex+2 SInv}
                  | (You bought it in a shop on level 5 of the Dungeon)
  6623 | D:5      | Bought a smoking helmet for 209 gold pieces
  6623 | D:5      | Identified the +2 helmet of Defiance {Fly rF++ rC- Str+3}
                  | (You bought it in a shop on level 5 of the Dungeon)
  6623 | D:5      | Bought a twisted leather armour for 154 gold pieces
  6623 | D:5      | Identified the +0 leather armour "Ecyolyaq" {Dex+3} (You
                  | bought it in a shop on level 5 of the Dungeon)
  6623 | D:5      | Bought a pair of runed gloves for 165 gold pieces
  6623 | D:5      | Quit the game

Illustrated notes

Levels and vault maps discovered:
D:1:      dpeg_arrival_arbitrary_a, layout_rooms,
          shapermc_ecumenical_altar_mp_highgroup, hangedman_abyss_or_decor_stabs
D:2:      layout_loops_cross, uniq_natasha
D:3:      layout_basic, nicolae_hepliaklqana_hazy_memory,
          nicolae_elyvilon_temple_path, mainiacjoe_overflow_small_starburst,
          gup_sewer_entry_pipe, dreamdust_princess_bridge, st_stairs_12,
          uniq_terence
D:4:      layout_basic, temple_pool_b, grunt_ministairs_10, uniq_ijyb
D:5:      layout_layer_cave, uniq_prince_ribbit1
D:6:      layout_rooms, uniq_blork_the_orc
Temple:   grunt_temple_mini_profane

Skill      XL: |  1  2  3  4  5  6  7  8 |
---------------+-------------------------+-----
Conjurations   | 5 6 7 8 9 10 | 10.7
Spellcasting   | 4 5 6 7 8 |  8.7
Dodging        | |  2.4
Stealth        | |  2.4

Action                     |  1- 3 |  4- 6 |  7- 9 || total
---------------------------+-------+-------+-------++-------
  Melee: Dagger            |       |    20 |     5 ||    25
         Unarmed           |       |     1 |       ||     1
   Cast: Magic Dart        |    54 |    53 |    70 ||   177
         Searing Ray       |       |    19 |    22 ||    41
 Invoke: Call Merchant     |       |       |     1 ||     1
    Use: Scroll            |       |       |    13 ||    13
         Potion            |       |       |     5 ||     5
 Armour: Robe              |       |     4 |    10 ||    14
  Dodge: Dodged            |     1 |    16 |    10 ||    27
